AoeStats
← Dxcax

Arabia

512733014Analyzed
2v2 RM · 6d ago on Oct 10, 2026· 52m 52s· 4 players
Game mode
Random Map
Map size
Medium (4 player)
Population
200
Speed
Normal
Resources
Standard
Victory
Conquest
Starting age
Dark Age
Ending age
Imperial Age
RankedLock teamsTeams togetherTeam positionsShared explorationLock speedFull tech treeHidden civsTurbo modeCheats
Victory
Defeat
🇮🇹 Persians · Italy
1071
+13
🇮🇹 Vietnamese · Italy
904
+19
vs
🇹🇷 Italians · Türkiye
1040
-18
🇹🇷 Romans · Türkiye
946
-20
SirMacca82
6:26 Loom
9:10 Feudal Age
9:37 Double-Bit Axe
13:26 Scale Barding Armor
13:48 Horse Collar
17:41 Wheelbarrow
21:56 Castle Age
20:30 Fletching
20:42 Padded Archer Armor
21:02 Gold Mining
22:33 Forging
23:18 Bodkin Arrow
25:10 Light Cavalry
25:50 Husbandry
34:09 Bow Saw
36:44 Parthian Tactics
37:28 Iron Casting
38:55 Ballistics
42:45 Imperial Age
41:50 Leather Archer Armor
42:44 Onager
43:56 Hand Cart
45:34 Chemistry
46:26 Stone Mining
47:12 Gold Shaft Mining
47:07 Hussar
47:57 Bloodlines
50:00 Blast Furnace
Andre#1
8:05 Loom
10:14 Feudal Age
10:31 Feudal Age
11:34 Double-Bit Axe
11:32 Horse Collar
17:23 Gold Mining
18:59 Padded Archer Armor
19:45 Scale Mail Armor
19:47 Fletching
24:35 Castle Age
26:44 Bow Saw
26:36 Heavy Plow
27:42 Elite Skirmisher
29:21 Leather Archer Armor
30:33 Thumb Ring
33:29 Ballistics
36:14 Bodkin Arrow
36:35 Chain Mail Armor
41:40 Imperial Age
42:02 Imperial Skirmisher
43:45 Chemistry
42:11 Elite Fire Lancer
43:25 Ring Archer Armor
42:56 Bracer
jash2K
11:21 Feudal Age
13:26 Double-Bit Axe
15:25 Loom
17:57 Forging
17:47 Scale Mail Armor
17:11 Man-at-Arms
21:03 Castle Age
18:52 Horse Collar
21:58 Light Cavalry
25:54 Heavy Plow
26:57 Squires
26:18 Long Swordsman
32:36 Iron Casting
32:16 Chain Mail Armor
48:58 Gold Mining
49:02 Stone Mining
49:25 Bow Saw
Dxcax
11:20 Feudal Age
11:54 Horse Collar
16:09 Loom
19:20 Castle Age
22:52 Double-Bit Axe
29:19 Padded Archer Armor
29:11 Fletching
30:31 Bodkin Arrow
33:33 Elite Skirmisher
41:30 Leather Archer Armor
42:06 Wheelbarrow
42:23 Ballistics
44:43 Stone Mining
44:44 Gold Mining
48:27 Imperial Age
47:24 Hand Cart
46:55 Town Watch
47:21 Heavy Plow
47:34 Bow Saw
49:50 Onager
51:35 Chemistry
50:48 Bracer
51:18 Ring Archer Armor
Connection lost

Rejoining the realm…

Still unreachable

The connection could not be restored.

Session expired

The server has moved on; the page needs a fresh start.